 Dungeon Crawl Stone Soup version 0.31.0-10-gcf4a605ca0 (webtiles) character file.

Game seed: 11323521681472029498

45616 mopl the Unseen (level 14, -22/73 HPs)
             Began as a Vine Stalker Enchanter on Jan 24, 2024.
             Was a High Priest of Kikubaaqudgha.
             Killed from afar by a lindwurm (40 damage)
             ... with a blast of flame
             ... on level 5 of the Lair of Beasts on Jan 25, 2024.
             The game lasted 00:36:12 (17038 turns).

mopl the Unseen (Vine Stalker Enchanter)           Turns: 17038, Time: 00:36:13

Health: -22/73     AC: 11    Str: 12    XL:     14   Next: 33%
Magic:  0/28       EV: 17    Int: 19    God:    Kikubaaqudgha [*****.]
Gold:   740        SH:  0    Dex: 15    Spells: 17/31 levels left

rFire   . . .        a - +3 dagger
rCold   . . .        (no shield)
rNeg    . . .        E - +0 steam dragon scales
rPois   .            (no helmet)
rElec   .            q - +0 cloak
rCorr   .            (no gloves)
SInv    .            w - +0 pair of boots
Will    +....        J - amulet of magic regeneration
Stlth   ++++++       m - +5 ring of evasion
HPRegen 1.12/turn    P - +4 ring of protection
MPRegen 0.61/turn

%: guardian spirit
@: no status effects
A: fangs 3, regeneration 1, magic shield, antimagic bite, no potion heal 2
a: Renounce Religion, Unearth Wretches, Torment


You were on level 5 of the Lair of Beasts.
You worshipped Kikubaaqudgha.
Kikubaaqudgha was extremely pleased with you.
You visited 3 branches of the dungeon, and saw 17 of its levels.
You also visited: Ossuary and Volcano.

You collected 1088 gold pieces.
You spent 348 gold pieces at shops.

Inventory:

Hand Weapons
 a - a +3 dagger (weapon)
 K - a +4 short sword of freezing
 W - the +12 scimitar of Suezeqam {freeze, rC+}
   (You found it on level 11 of the Dungeon)

   rC+:       It protects you from cold.
Missiles
 f - 2 curare-tipped darts
 s - 22 poisoned darts
 Q - 7 boomerangs
Armour
 q - a +0 cloak (worn)
 w - a +0 pair of boots (worn)
 D - a +2 robe of cold resistance
 E - +0 steam dragon scales (worn)
 O - a +0 troll leather armour
 R - an orb of light
Jewellery
 e - a +6 ring of intelligence
 m - a +5 ring of evasion (left hand)
 J - an amulet of magic regeneration (around neck)
 P - a +4 ring of protection (right hand)
 T - a ring of poison resistance
Wands
 x - a wand of digging (1)
 I - a wand of charming (8)
 L - a wand of mindburst (11)
 S - a wand of acid (2)
 V - a wand of roots (7)
 X - a wand of flame (10)
Scrolls
 b - 2 scrolls of blinking
 d - 6 scrolls of vulnerability
 h - 9 scrolls of teleportation
 i - 4 scrolls of fear {unknown}
 j - 5 scrolls of enchant armour {unknown}
 l - 2 scrolls of enchant weapon {unknown}
 o - 8 scrolls of revelation
 p - a scroll of immolation {unknown}
 u - 3 scrolls of fog
 U - a scroll of acquirement {unknown}
Potions
 c - 6 potions of invisibility
 g - 2 potions of brilliance
 k - 2 potions of enlightenment
 n - 11 potions of curing
 z - 3 potions of resistance
 A - 3 potions of might
 B - 5 potions of mutation
 G - 3 potions of lignification
 M - a potion of haste


   Skills:
 + Level 8.1 Fighting
 + Level 8.4 Short Blades
 - Level 1.5 Dodging
 * Level 16.3 Stealth
 + Level 9.3 Spellcasting
 * Level 12.9 Hexes
 + Level 8.0 Necromancy


You had 17 spell levels left.
You knew the following spells:

 Your Spells              Type           Power      Damage    Failure   Level
a - Vampiric Draining     Necr           39%        2d8       1%          3
b - Ensorcelled Hibernat  Hex/Ice        66%        N/A       1%          2
c - Confusing Touch       Hex            55%        N/A       1%          3
d - Tukima's Dance        Hex            55%        N/A       1%          3
f - Dazzling Flash        Conj/Hex       66%        N/A       1%          3

Your spell library contained the following spells:

 Spells                   Type           Power      Damage    Failure   Level
 Kiss of Death            Conj/Necr      96%        2d12      1%          1
 Necrotise                Necr           100%       1d9       1%          1
 Sublimation of Blood     Necr           39%        N/A       1%          2
 Fugue of the Fallen      Necr           39%        N/A       1%          3
 Anguish                  Hex/Necr       24%        N/A       1%          4
 Dispel Undead            Necr           39%        3d16      3%          4
 Cigotuvi's Dreadful Rot  Necr/Alch/Air  38%        N/A       4%          2
 Apportation              Tloc           16%        N/A       8%          1
 Sting                    Conj/Alch      32%        1d5       8%          1
 Summon Small Mammal      Summ           32%        N/A       8%          1
 Martyr's Knell           Necr/Summ      24%        N/A       16%         4
 Metabolic Englaciation   Hex/Ice        16%        N/A       16%         5
 Summon Mana Viper        Hex/Summ       33%        N/A       16%         5
 Call Canine Familiar     Summ           8%         N/A       24%         3
 Frozen Ramparts          Ice            16%        1d3       24%         3
 Summon Ice Beast         Ice/Summ       8%         N/A       24%         3
 Borgnjor's Vile Clutch   Necr/Erth      12%        N/A       38%         5
 Death Channel            Necr           19%        N/A       41%         6
 Ignite Poison            Fire/Alch      8%         N/A       61%         4
 Leda's Liquefaction      Alch/Erth      4%         N/A       61%         4
 Petrify                  Alch/Erth      8%         N/A       61%         4
 Sticky Flame             Fire/Alch      8%         2d4       61%         4
 Summon Blazeheart Golem  Fire/Summ      8%         N/A       61%         4
 Monstrous Menagerie      Summ           4%         N/A       100%        7
 Ignition                 Fire           4%         3d4       100%        8


Dungeon Overview and Level Annotations

Branches:
Dungeon (11/15)            Temple (1/1) D:4            Lair (5/5) D:11
  Swamp (0/4) Lair:3        Snake (0/4) Lair:3        Slime (0/5) Lair:4
    Orc (0/2) D:10        Ossuary (visited)         Volcano (visited)

Altars:
Ashenzari
Cheibriados
Dithmenos
Elyvilon
Fedhas
Gozag
Hepliaklqana
Kikubaaqudgha
Makhleb
Nemelex Xobeh
Okawaru
Qazlal
Ru
Sif Muna
Trog
Uskayaw
Vehumet
Wu Jian
Xom
Yredelemnul
Zin
The Shining One
Jiyva

Shops:
D:1 ?   D:2 [   D:5 :   D:6 (

Annotations:
D:11 1 runed translucent door, Discosetron's ghost, journeyman HOMo


Innate Abilities, Weirdness & Mutations

You have razor-sharp teeth.
Your natural rate of healing is unusually fast.
When hurt, damage is shared between your health and your magic reserves.
Your bite disrupts and absorbs the magic of your enemies.
Potions cannot restore your health.


Message History

The seven-headed hydra bites you! The seven-headed hydra bites you.
Unknown command.
You are too injured to fight recklessly!
Unknown command.
The seven-headed hydra attacks as it pursues you!
The seven-headed hydra closely misses you. x2
The seven-headed hydra barely misses you.
The seven-headed hydra closely misses you.
The seven-headed hydra misses you.
The seven-headed hydra closely misses you.
The seven-headed hydra misses you.
Okay, then.
Unknown command.
Unknown command.
Okay, then.
Okay, then.
Unknown command.
Okay, then.
Aiming: Fastroot
Press: ? - help, Shift-Dir - straight line, f/p - seven-headed hydra
Aim: a seven-headed hydra The roots erupt in riotous growth!
Roots grab the seven-headed hydra.
Roots grab the lindwurm.
Roots grab the bush.
The grasping roots constrict the seven-headed hydra.
The grasping roots constrict the bush, but do no damage.
The grasping roots constrict the lindwurm.
The seven-headed hydra barely misses you.
The seven-headed hydra closely misses you.
The seven-headed hydra bites you but does no damage.
The seven-headed hydra bites you.
The seven-headed hydra bites you but does no damage.
The seven-headed hydra barely misses you.
The seven-headed hydra bites you!
* * * LOW HITPOINT WARNING * * *
The lindwurm breathes flames at you. The blast of flame hits you!!!
Ouch! That really hurt!
You die...
Kikubaaqudgha rasps: "You have failed me!
Welcome... death!"

######## ##......### ####
#.........##
.#.#*####........Dk###### *
...##.##........@P#†#.#P#########
.....#*#..........##F.D...##.##..
.[...###....<....####.........#..
......###.........###.##.........
........#........###.###.........
......###.......## ####..........
......####......†## ##.k.F.....
.......###....###.# #####D......
.......#......# ### ##.####......


You could see a seven-headed hydra (rooted) and a lindwurm (catching breath,
rooted).

Vanquished Creatures
  2 two-headed ogres
  A hell hog (Volcano)
  A skyshark (Lair:2)
  A fire crab (Volcano)
  A goliath frog (Lair:5)
  A deep troll (D:10)
  2 spriggan druids
  A lindwurm (Lair:2)
  4 black mambas
  15 elephants
  An ugly thing (D:11)
  The ghost of Millikuen the Trooper, a novice MiMo of Cheibriados (D:5)
  2 gargoyles
  11 cane toads
  2 rime drakes
  6 torpor snails
  2 unseen horrors (D:11)
  8 komodo dragons
  2 trolls
  2 hornets
  6 dream sheep (Lair:4)
  27 blink frogs
  Sigmund (D:5)
  41 yaks
  4 fire bats (Volcano)
  A wyvern (Lair:1)
  5 basilisks
  2 vampire mosquitoes (Lair:5)
  4 steam dragons
  2 nagas (Lair:3)
  16 water moccasins
  2 acid dragons
  3 hell hounds (Volcano)
  4 black bears
  8 orc warriors
  A sky beast (D:8)
  An ice beast (D:8)
  3 ogres
  4 wolves (Lair:4)
  3 centaurs
  Blork the orc (D:6)
  A weeping skull (Ossuary)
  2 kobold brigands
  11 bullfrogs
  A scorpion (D:4)
  7 water moccasin zombies (Ossuary)
  12 wights
  9 killer bees
  5 howler monkeys
  2 electric eels (Lair:2)
  5 jellies
  3 orc priests
  3 bombardier beetles
  A gnoll bouda (D:7)
  4 hounds
  2 sleepcaps
  Terence (D:2)
  An iguana (Lair:2)
  7 orc wizards
  2 crocodile zombies (Ossuary)
  2 mummies (Ossuary)
  8 gnolls
  4 adders
  A shadow imp (D:7)
  2 white imps
  3 adder zombies (Ossuary)
  3 dart slugs
  32 orcs
  5 bats
  6 endoplasms
  3 giant cockroaches
  9 gnoll zombies (Ossuary)
  3 goblins
  6 hobgoblins
  A quokka (D:3)
  2 ball pythons
  2 frilled lizards
  5 jackal zombies (Ossuary)
  14 kobolds
  2 rats
397 creatures vanquished.

Vanquished Creatures (collateral kills)
  A two-headed ogre (D:11)
  Maurice (D:11)
  A naga (Lair:3)
  A bullfrog (D:7)
  A gnoll sergeant (D:9)
  7 wights
  A sleepcap (D:7)
13 creatures vanquished.

Vanquished Creatures (others)
  5 dancing weapons
  An acid dragon (D:11)
  A sky beast (D:6)
  An orc (D:9)
8 creatures vanquished.

Grand Total: 418 creatures vanquished

Notes
Turn   | Place    | Note
-------+----------+-------------------------------------------
     0 | D:1      | mopl the Vine Stalker Enchanter began the quest for the
                  | Orb.
     0 | D:1      | Reached XP level 1. HP: 9/9 MP: 4/4
   161 | D:1      | Reached skill level 1 in Short Blades
   179 | D:1      | Found Qeqineor's Magic Scroll Shoppe.
   191 | D:1      | Bought a scroll of noise for 12 gold pieces
   251 | D:1      | Reached XP level 2. HP: 13/13 MP: 6/6
   255 | D:1      | Learned a level 2 spell: Ensorcelled Hibernation
   851 | D:2      | Found Vaepo's Armour Shop.
   925 | D:2      | Reached XP level 3. HP: 16/16 MP: 8/8
   938 | D:2      | Learned a level 3 spell: Confusing Touch
   957 | D:2      | Reached skill level 4 in Stealth
  1042 | D:2      | Noticed Terence
  1065 | D:2      | Killed Terence
  1066 | D:2      | Reached XP level 4. HP: 17/21 MP: 6/9
  1157 | D:2      | Learned a level 3 spell: Tukima's Dance
  1500 | D:1      | Bought a scroll of identify for 24 gold pieces
  1500 | D:1      | Bought a scroll of teleportation for 36 gold pieces
  1654 | D:3      | Found a blossoming altar of Fedhas.
  1673 | D:3      | Found a faded altar of an unknown god.
  1678 | D:3      | Found a sacrificial altar of Ru.
  2195 | D:4      | Noticed an ogre
  2248 | D:3      | Killed an ogre
  2249 | D:3      | Reached XP level 5. HP: 25/25 MP: 9/11
  2312 | D:4      | Found a staircase to the Ecumenical Temple.
  2324 | D:4      | Reached skill level 1 in Fighting
  2324 | D:4      | Reached skill level 5 in Stealth
  2324 | D:4      | Reached XP level 6. HP: 25/30 MP: 0/12
  2334 | Temple   | Entered the Ecumenical Temple
  2460 | D:4      | Identified the +5 war axe of Rakh {speed, ^Drain rElec
                  | rPois Stlth+}
  2875 | D:5      | Entered Level 5 of the Dungeon
  2939 | D:5      | Found a runed translucent door.
  2939 | D:5      | Noticed Millikuen's ghost (novice MiMo)
  3103 | D:5      | Found a sand-covered staircase.
  3108 | Ossuary  | Entered an ossuary
  3191 | Ossuary  | Reached XP level 7. HP: 29/34 MP: 10/13
  3205 | Ossuary  | Reached skill level 6 in Stealth
  3205 | Ossuary  | Reached skill level 5 in Hexes
  3308 | Ossuary  | Learned a level 3 spell: Dazzling Flash
  3367 | Ossuary  | Gained mutation: You have razor-sharp teeth. [Vine Stalker
                  | growth]
  3367 | Ossuary  | Reached XP level 8. HP: 39/39 MP: 15/15
  3457 | Ossuary  | Reached skill level 7 in Stealth
  3548 | D:5      | Found Ythreale's Book Shop.
  3864 | D:5      | Found an ancient bone altar of Kikubaaqudgha.
  3874 | D:5      | Became a worshipper of Kikubaaqudgha
  4066 | D:5      | Noticed Sigmund
  4070 | D:5      | Killed Sigmund
  4071 | D:5      | Reached skill level 1 in Necromancy
  4452 | D:1      | Bought a scroll of blinking for 90 gold pieces
  4452 | D:1      | Bought a scroll of vulnerability for 48 gold pieces
  4662 | D:6      | Reached skill level 8 in Stealth
  4893 | D:6      | Found Neut Kikk's Weapon Shoppe.
  4933 | D:6      | Reached XP level 9. HP: 44/44 MP: 17/17
  4960 | D:6      | Noticed Blork the orc
  4973 | D:6      | Killed Blork the orc
  4974 | D:6      | Reached skill level 5 in Spellcasting
  5413 | D:6      | Reached skill level 9 in Stealth
  5775 | D:7      | Found an ornate altar of the Wu Jian Council.
  5881 | D:7      | Reached * piety under Kikubaaqudgha
  5881 | D:7      | Received a gift from Kikubaaqudgha
  6186 | D:7      | Found a bloodstained altar of Trog.
  6309 | D:7      | Noticed a two-headed ogre
  6326 | D:7      | Killed a two-headed ogre
  6327 | D:7      | Reached skill level 10 in Stealth
  6327 | D:7      | Reached XP level 10. HP: 51/51 MP: 17/19
  6560 | D:7      | Found a hazy altar of Hepliaklqana.
  6586 | D:7      | Learned a level 3 spell: Vampiric Draining
  6586 | D:7      | Upgraded the game from 0.31.0-9-g3a7656b989 to
                  | 0.31.0-10-gcf4a605ca0
  6892 | D:1      | Bought a scroll of revelation for 90 gold pieces
  6892 | D:1      | Bought a scroll of fog for 48 gold pieces
  7469 | D:8      | Reached skill level 5 in Short Blades
  7687 | D:8      | Reached ** piety under Kikubaaqudgha
  7856 | D:8      | Found a stormy altar of Qazlal.
  7857 | D:8      | Found a basalt altar of Yredelemnul.
  7857 | D:8      | Found an iron altar of Okawaru.
  7857 | D:8      | Found a shimmering altar of Xom.
  8170 | D:9      | Reached skill level 11 in Stealth
  8347 | D:9      | Found a transporter.
  8371 | D:9      | Reached skill level 5 in Fighting
  8388 | D:9      | Reached XP level 11. HP: 32/55 MP: 9/21
  8614 | D:9      | Found a transporter.
  8765 | D:9      | Found a transporter.
  8830 | D:9      | Found a transporter.
  9111 | D:9      | Found a glowing golden altar of the Shining One.
  9288 | D:9      | Reached *** piety under Kikubaaqudgha
  9288 | D:9      | Received a gift from Kikubaaqudgha
  9416 | D:10     | Entered Level 10 of the Dungeon
  9443 | D:10     | Found a staircase to the Orcish Mines.
  9738 | D:10     | Reached skill level 12 in Stealth
  9838 | D:10     | Reached skill level 5 in Necromancy
 10052 | D:10     | Noticed a deep troll
 10056 | D:10     | Killed a deep troll
 10629 | D:11     | Found a runed translucent door.
 10633 | D:11     | Identified the +4 spear of Corpus Delicti {freeze, rC+}
 10633 | D:11     | Noticed Discosetron's ghost (journeyman HOMo)
 10657 | D:11     | Noticed a two-headed ogre
 10666 | D:11     | Killed a two-headed ogre
 10667 | D:11     | Reached skill level 10 in Hexes
 10715 | D:11     | Noticed Maurice
 10726 | D:11     | Identified the +12 scimitar of Suezeqam {freeze, rC+}
 10758 | D:11     | Reached **** piety under Kikubaaqudgha
 10904 | D:11     | Noticed a red ugly thing
 10912 | D:11     | Reached XP level 12. HP: 56/61 MP: 18/24
 10917 | D:11     | Reached skill level 13 in Stealth
 10923 | D:11     | Found a staircase to the Lair.
 10936 | D:11     | Noticed a two-headed ogre
 10951 | D:11     | Killed a two-headed ogre
 11029 | D:11     | Killed Maurice
 11322 | D:5      | Killed Millikuen's ghost
 11480 | Lair:1   | Entered Level 1 of the Lair of Beasts
 12342 | Lair:1   | Reached skill level 14 in Stealth
 12844 | Lair:2   | Noticed a skyshark
 12860 | Lair:2   | Killed a skyshark
 12867 | Lair:2   | Reached XP level 13. HP: 23/66 MP: 2/26
 13475 | Lair:2   | Found a snail-covered altar of Cheibriados.
 13770 | Lair:2   | Reached skill level 15 in Stealth
 14411 | Lair:3   | Found a staircase to the Snake Pit.
 14916 | Lair:3   | Found a staircase to the Swamp.
 15219 | Lair:4   | Found a staircase to the Slime Pits.
 15220 | Lair:4   | Found a viscous altar of Jiyva.
 15229 | Lair:4   | Reached ***** piety under Kikubaaqudgha
 15809 | Lair:4   | Reached XP level 14. HP: 69/72 MP: 23/28
 15903 | Lair:4   | Reached skill level 16 in Stealth
 16509 | Lair:5   | Entered Level 5 of the Lair of Beasts
 16753 | Lair:5   | Found a dark tunnel.
 16762 | Volcano  | Entered a volcano
 17038 | Lair:5   | Killed from afar by a lindwurm

Illustrated notes

Levels and vault maps discovered:
D:1:      wander_arrival_desolate, layout_loops_ring, serial_shops,
          nicolae_shop_hallway_plus
D:2:      layout_loops_ring, serial_forest, infiniplex_forest_lined_ring,
          infiniplex_forest_straight_2, infiniplex_forest_clump_tiny,
          infiniplex_forest_clump_double, infiniplex_forest_clump_small,
          infiniplex_forest_corner_2, infiniplex_forest_straight_2,
          infiniplex_forest_clump_small, infiniplex_forest_end_1,
          infiniplex_forest_lined_4_way, serial_shops,
          nicolae_shop_rolling_square, uniq_terence
D:3:      layout_basic, nicolae_overflow_ecumenical_swirl, fedhas_altar_1,
          serial_rivers, chequers_serial_rivers_small_3,
          chequers_serial_rivers_large_b, chequers_serial_rivers_micro_c,
          chequers_serial_rivers_micro_c, chequers_serial_rivers_micro_d,
          minmay_tree_intersection, eino_tiny_chamber, mrwooster_statue_mirror
D:4:      layout_cave_pools, minmay_temple_entry_grid, chequers_avenue
D:5:      layout_basic, mainiacjoe_overflow_six_doors_small, enter_ossuary_2,
          hellmonk_ghost_happy_afterlife, nicolae_take_the_stairs, uniq_sigmund
D:6:      cheibrodos_steamvent, layout_basic, serial_shops,
          nicolae_shop_just_a_little_nook, dk_noncrumbling_4,
          chequers_serial_rivers_small_a, uniq_blork_the_orc
D:7:      layout_cave_pods, kennysheep_little_box, mainiacjoe_overflow_alcove_4,
          mainiacjoe_overflow_alcove_2
D:8:      layout_loops_ring, minitemple
D:9:      layout_cave_pods, mainiacjoe_overflow_concentric_impassable,
          nicolae_transporter_intersection
D:10:     dreamdust_cave_troll, layout_stronghold, orc_0_dummy
D:11:     layout_rooms, due_lair_maze_entry_diamond,
          ebering_ghost_funeral_grove, uniq_maurice
Temple:   chequers_temple_sunken
Lair:1:   layout_cave_pods
Lair:2:   beast_lair_carwin_large_2, layout_concentric_octagons,
          kennysheep_snail_temple, serial_bayou_shore_a, serial_bayou_shore_b
Lair:3:   layout_cave_pods, mainiacjoe_swamp_entry_angry_trees,
          minmay_snake_entry_guardpost_small
Lair:4:   layout_layer_cave, slime_entry_1
Lair:5:   minmay_lair_end_frog_pond, layout_cave_pods, enter_volcano_1,
          serial_bayou_ford_a

Skill      XL: |  1  2  3  4  5  6  7  8  9 10 11 12 13 14 |
---------------+-------------------------------------------+-----
Short Blades   | 1 2 3 4 5 6 7 8 |  8.4
Stealth        | 4 5 6 8 10 11 12 14 15 16 | 16.3
Spellcasting   | 3 4 5 6 7 8 9 |  9.3
Hexes          | 4 5 6 7 9 10 11 12 | 12.9
Fighting       | 1 2 3 4 5 6 7 8 |  8.1
Necromancy     | 1 3 4 5 6 7 8 |  8.0
Dodging        | |  1.5

Action                     |  1- 3 |  4- 6 |  7- 9 | 10-12 | 13-15 || total
---------------------------+-------+-------+-------+-------+-------++-------
  Melee: Dagger            |    81 |   198 |   408 |   612 |   409 ||  1708
         Bite              |    22 |    73 |   136 |   235 |   172 ||   638
         Punch             |       |     5 |     7 |     3 |     4 ||    19
   Cast: Ensorcelled Hiber |     6 |    13 |    30 |   164 |   179 ||   392
         Tukima's Dance    |       |     1 |     6 |    30 |     4 ||    41
         Confusing Touch   |       |     1 |       |     5 |     5 ||    11
         Vampiric Draining |       |       |       |    20 |    41 ||    61
         Dazzling Flash    |       |       |       |     5 |     1 ||     6
  Evoke: Wand              |       |       |       |     6 |     3 ||     9
    Use: Scroll            |     1 |     2 |     3 |     5 |     2 ||    13
         Potion            |       |       |     1 |       |     2 ||     3
   Stab: Sleeping          |     9 |     9 |    22 |    89 |    78 ||   207
         Confused          |       |     1 |       |     5 |     4 ||    10
         Distracted        |       |       |     1 |       |       ||     1
         Invisible         |       |       |     4 |     5 |     1 ||    10
 Armour: Robe              |    32 |    70 |   106 |       |       ||   208
         Steam dragon scal |       |       |    70 |   342 |   345 ||   757
  Dodge: Dodged            |    46 |   166 |   347 |   490 |   386 ||  1435
